 Dungeon Crawl Stone Soup version 0.23.2-1-ga50397a (webtiles) character file.

Game seed: 10006590780079552853

20 MajorAdolf the Sneak (level 2, 26/26 HPs)
             Began as a Naga Wanderer on Apr 22, 2019.
             Quit the game on level 2 of the Dungeon.
             The game lasted 00:02:11 (1206 turns).

MajorAdolf the Sneak (Naga Wanderer)                Turns: 1206, Time: 00:02:11

Health: 26/26      AC:  1    Str: 12    XL:     2   Next: 79%
Magic:  2/2        EV:  9    Int: 15    God:
Gold:   94         SH:  0    Dex:  9    Spells: 1/1 levels left

rFire    . . .     SeeInvis +   a - +2 spear
rCold    . . .     Gourm    .   (no shield)
rNeg     . . .     Faith    .   (no armour)
rPois    +         Spirit   .   (no helmet)
rElec    .         Reflect  .   m - +0 cloak
rCorr    .         Harm     .   (no gloves)
MR       .....                  (no barding)
Stlth    +++.......             (no amulet)
HPRegen  0.08/turn              (no ring)
MPRegen  0.08/turn              (no ring)

@: very slow
A: large, see invisible, deformed body, poison resistance, slowness 2, slow
metabolism 1, spit poison 1, AC +0
a: Spit Poison


You were on level 2 of the Dungeon.
You were hungry.

You visited 1 branch of the dungeon, and saw 2 of its levels.

You collected 94 gold pieces.

Inventory:

Hand Weapons
 a - a +2 spear (weapon)
Armour
 m - a +0 cloak (worn)
Scrolls
 d - 2 scrolls of noise {unknown}
 g - a scroll of amnesia {unknown}
 h - 2 scrolls of teleportation {unknown}
 i - a scroll of fog {unknown}
 j - 2 scrolls of enchant armour {unknown}
 k - 2 scrolls of immolation {unknown}
 l - 3 scrolls of identify {unknown}
 o - a scroll of magic mapping {unknown}
Potions
 b - 2 potions of curing
 c - a potion of lignification
 e - a potion of might {unknown}
 n - a potion of flight {unknown}
 p - a potion of heal wounds {unknown}
Comestibles
 f - 3 rations


   Skills:
 - Level 2.0 Fighting
 - Level 3.0 Polearms
 - Level 1.0 Throwing
 - Level 1.0 Dodging
 + Level 6.1 Stealth


You had one spell level left.
You didn't know any spells.
Your spell library was empty.

Dungeon Overview and Level Annotations

Branches:
Dungeon (2/15)

Altars:


Innate Abilities, Weirdness & Mutations

You cannot wear boots.
Your serpentine skin is tough. (AC +0)
You have supernaturally acute eyesight. (SInv)
Armour fits poorly on your strangely shaped body.
Your system is resistant to poisons. (rPois)
You cover ground very slowly.
You have a slow metabolism.
You can spit poison.


Message History

The kobold closely misses you.
You hit the kobold.
You kill the kobold!
You see here a stone.
You have got your breath back.
You see here a cloak.
You start resting.
HP restored.
Welcome back, MajorAdolf the Naga Wanderer.
Press ? for a list of commands and other information.
You see here a stone.
You see here a stone.
Save game and exit?
Welcome back, MajorAdolf the Naga Wanderer.
Press ? for a list of commands and other information.
Quiver which item? (- for none, * to show all) (? for menu, Esc to quit)
Okay, then.
Quiver which item? (- for none, * to show all) (? for menu, Esc to quit)
Okay, then.
Are you sure you want to abandon this character and quit the game? (Confirm with "yes".)

#.# #.#
#.# #.#
#.# ####
#.# .....
#[#
g.#...##(#
.......@.#
..#...#..#
..... .#.#
#### ###.#
#.# #.#
#.# .#


You could see a hobgoblin (sleeping).

Vanquished Creatures
  2 dart slugs (D:1)
  A bat (D:1)
  3 goblins (D:1)
  A hobgoblin (D:1)
  3 kobolds
  2 ball pythons (D:1)
  3 frilled lizards (D:1)
  A rat (D:1)
16 creatures vanquished.

Notes
Turn   | Place    | Note
-------+----------+-------------------------------------------
     0 | D:1      | MajorAdolf the Naga Wanderer began the quest for the Orb.
     0 | D:1      | MajorAdolf set off with the following items: a +2 spear, a
                  | potion of curing, a potion of lignification, a +0 robe, a
                  | +0 dagger, a ration
     0 | D:1      | Reached XP level 1. HP: 19/19 MP: 1/1
   157 | D:1      | Reached skill level 5 in Stealth
   172 | D:1      | Reached XP level 2. HP: 21/26 MP: 2/2
   823 | D:1      | Reached skill level 6 in Stealth
  1206 | D:2      | Quit the game

Skill      XL: |  1  2 |
---------------+-------+-----
Stealth        | 5 6 |  6.1
Fighting       | |  2.0
Polearms       | |  3.0
Throwing       | |  1.0
Dodging        | |  1.0

Action                   || total
-------------------------++-------
Melee: Spear             ||    28
 Abil: Spit Poison       ||    11
Armor: Skin              ||     1
Dodge: Dodged            ||    11
